[Event "Titled Tuesday Blitz July 11 Early 2023"]
[White "Niekras, Dawid"]
[Black "Kopczynski, Michal"]
[WhiteFideId "1160451"]
[BlackFideId "1124200"]
[WhiteElo "2594"]
[BlackElo "2471"]
[Result "1-0"]
[Round "11"]
[TimeControl "180+2"]
[Date "2023.07.11"]
[WhiteClock "0:00:04"]
[BlackClock "0:00:00"]
[Board "75"]

1. e4 c5 2. Nf3 d6 3. Nc3 Nf6 4. e5 dxe5 5. Nxe5 g6 6. Bc4 e6 7. Bb5+ Bd7 8. Nxd7 Nbxd7 9. d4 a6 10. Be2 cxd4 11. Qxd4 Bg7 12. Qb4 Qb6 13. Qxb6 Nxb6 14. Bf3 Rb8 15. Bf4 O-O 16. Bxb8 Rxb8 17. O-O-O Nc4 18. b3 Ne5 19. Ne4 Nd5 20. c4 Nb4 21. Kb1 Nxf3 22. gxf3 Nc6 23. Rd7 Ne5 24. Rc7 Nxf3 25. Nc5 b6 26. Nxa6 Rd8 27. Nb4 Nd2+ 28. Kc2 Ne4 29. Nd3 Bd4 30. Re1 Nxf2 31. Nxf2 Bxf2 32. Re2 Bc5 33. Rd2 Bd4 34. Rb7 e5 35. b4 Rc8 36. Kb3 f5 37. a4 f4 38. Rd3 g5 39. a5 bxa5 40. bxa5 g4 41. a6 f3 42. a7 f2 43. Rd1 Bxa7 44. Rxa7 1-0


[Site "https://www.chess.com"]

[Event "Titled Tuesday Blitz July 11 Early 2023"]
[White "Al-Tarboush, Ward"]
[Black "Begunov, Konstantin"]
[WhiteFideId "7601450"]
[BlackFideId "4118510"]
[WhiteElo "2584"]
[BlackElo "2438"]
[Result "1-0"]
[Round "11"]
[TimeControl "180+2"]
[Date "2023.07.11"]
[WhiteClock "0:01:20"]
[BlackClock "0:00:00"]
[Board "76"]

1. e4 c5 2. Nf3 d6 3. d4 cxd4 4. Nxd4 Nf6 5. Nc3 a6 6. h3 e6 7. g4 b5 8. g5 b4 9. gxf6 bxc3 10. fxg7 Bxg7 11. bxc3 Qc7 12. Bd2 Bb7 13. Bg2 Nd7 14. O-O Nc5 15. Qg4 Bf6 16. e5 dxe5 17. Nb3 Bxg2 18. Kxg2 Ke7 19. Qb4 Rhc8 20. Be3 Qb7+ 21. Kh2 Qxb4 22. cxb4 Nxb3 23. cxb3 Rc2 24. Bc5+ Ke8 25. a4 e4 26. Rac1 Be5+ 27. Kh1 Rb2 28. Rc4 f5 29. f4 Bf6 30. b5 Rxb3 31. b6 Rc8 32. a5 Be7 33. Rfc1 e3 34. Bxe7 Rxc4 35. Rxc4 Rb1+ 36. Kg2 e2 37. Bh4 Kd7 38. Rc7+ Kd6 39. Rxh7 e1=Q 40. Bxe1 Rxe1 41. Ra7 Re2+ 42. Kf3 Ra2 43. Rxa6 Ra3+ 44. Kg2 Ra2+ 45. Kg3 Ra3+ 46. Kh4 Rf3 47. b7+ Kc7 48. Rb6 Kb8 49. a6 Rxf4+ 50. Kg5 Ra4 51. Rxe6 f4 52. Re8+ 1-0


[Site "https://www.chess.com"]

[Event "Titled Tuesday Blitz July 11 Early 2023"]
[White "Parpiev, Isaak"]
[Black "Khromkin, Andrey"]
[WhiteFideId "34281576"]
[BlackFideId "4154126"]
[WhiteElo "2573"]
[BlackElo "2434"]
[Result "1-0"]
[Round "11"]
[TimeControl "180+2"]
[Date "2023.07.11"]
[WhiteClock "0:00:35"]
[BlackClock "0:00:00"]
[Board "77"]

1. d4 d5 2. c4 dxc4 3. e4 e5 4. Nf3 exd4 5. Bxc4 Bb4+ 6. Nbd2 Nc6 7. O-O Qf6 8. h3 Nge7 9. Nb3 O-O 10. Re1 Be6 11. Bxe6 fxe6 12. e5 Qf5 13. Bd2 Bxd2 14. Qxd2 Rad8 15. Nc5 b6 16. Nd3 Nd5 17. Qc2 Ncb4 18. Nxb4 Nxb4 19. Qxc7 Nc2 20. g4 Qxf3 21. Qxc2 d3 22. Qd2 Qxh3 23. Re4 Rc8 24. Qe3 Qxe3 25. Rxe3 Rc2 26. Rxd3 Rfxf2 27. Rd8+ Kf7 28. Rf1 Rxf1+ 29. Kxf1 Rxb2 30. a4 Rb4 31. Rd7+ Kg6 32. Rxa7 Rxg4 33. Kf2 Re4 34. Ra6 Rxe5 35. Rxb6 Kf6 36. Ra6 Re4 37. Ra8 h5 38. a5 Ra4 39. a6 Kg5 40. a7 g6 41. Kf3 e5 42. Ke3 h4 43. Kf3 Ra3+ 44. Kg2 e4 45. Kf2 h3 46. Kg1 e3 47. Kh2 e2 48. Re8 Rxa7 49. Rxe2 Ra3 50. Re4 Kh5 51. Re8 g5 52. Rc8 Kh4 53. Rc4+ g4 54. Rb4 Ra2+ 55. Kh1 Kg5 56. Rb5+ Kg6 57. Rb6+ Kg5 58. Rb5+ Kf4 59. Rb4+ Kf3 60. Rb3+ Kf2 61. Kh2 1-0


[Site "https://www.chess.com"]

[Event "Titled Tuesday Blitz July 11 Early 2023"]
[White "Andreev, Konstantin"]
[Black "Matveeva, Olga"]
[WhiteFideId "24239305"]
[BlackFideId "24107018"]
[WhiteElo "2572"]
[BlackElo "2431"]
[Result "0-1"]
[Round "11"]
[TimeControl "180+2"]
[Date "2023.07.11"]
[WhiteClock "0:01:25"]
[BlackClock "0:00:17"]
[Board "78"]

1. e4 e6 2. d4 d5 3. Nc3 Nf6 4. e5 Nfd7 5. f4 c5 6. Nf3 Nc6 7. Be3 cxd4 8. Nxd4 Bc5 9. Qd2 O-O 10. O-O-O a6 11. Kb1 Bxd4 12. Bxd4 b5 13. g4 b4 14. Ne2 a5 15. Nc1 Ba6 16. Bxa6 Rxa6 17. Rhe1 Qc7 18. f5 a4 19. f6 Nxd4 20. Qg5 Qxc2+ 21. Ka1 Qg6 22. Qxg6 Nb3+ 23. Nxb3 hxg6 24. fxg7 Kxg7 25. Nd4 Rh8 26. Rd2 Rh3 27. Rf2 Rd3 28. Nf3 Rc6 29. Rff1 Rc7 30. Ng5 Nb6 31. Rf4 b3 32. axb3 axb3 33. Ref1 Ra7+ 34. Kb1 Nc4 35. Rxf7+ Rxf7 36. Rxf7+ Kg8 37. Rf1 Nd2+ 0-1


[Site "https://www.chess.com"]

[Event "Titled Tuesday Blitz July 11 Early 2023"]
[White "Pinheiro, Iung Alicio de O."]
[Black "Stork, Oliver"]
[WhiteFideId "2104350"]
[BlackFideId "12955728"]
[WhiteElo "2567"]
[BlackElo "2430"]
[Result "1-0"]
[Round "11"]
[TimeControl "180+2"]
[Date "2023.07.11"]
[WhiteClock "0:00:19"]
[BlackClock "0:00:08"]
[Board "79"]

1. e4 c5 2. Nc3 g6 3. d4 cxd4 4. Qxd4 Nf6 5. e5 Nc6 6. Qf4 Nh5 7. Qe4 Qa5 8. Nf3 Bg7 9. Bd2 Qb4 10. Qe2 Nf4 11. Qb5 Ne6 12. O-O-O O-O 13. Re1 Qxb5 14. Bxb5 a6 15. Bxc6 dxc6 16. Na4 b5 17. Nb6 Rb8 18. Nxc8 Rbxc8 19. Be3 c5 20. h4 h5 21. c3 Rfd8 22. Kb1 c4 23. g3 Nc5 24. Bxc5 Rxc5 25. Re2 e6 26. Rhe1 Rcd5 27. Re3 Rd1+ 28. Kc2 Rxe1 29. Rxe1 Rd5 30. Re3 Bh6 31. Re2 Kf8 32. b3 cxb3+ 33. axb3 Ke7 34. Nd4 Bg7 35. f4 Kd7 36. b4 Bf8 37. Nb3 Kc6 38. Re1 Be7 39. Ra1 Kb7 40. Nd2 Bd8 41. Ne4 Bb6 42. Nd6+ Kc6 43. Rxa6 Kc7 44. Nxf7 Be3 45. Rxe6 Rd2+ 46. Kb3 Rg2 47. Rxg6 Bc1 48. c4 Rb2+ 49. Kc3 bxc4 50. Kxc4 Bd2 51. Nd6 Rxb4+ 52. Kd5 Rb3 53. Ne4 Be1 54. Rg7+ Kb6 55. e6 Rd3+ 56. Ke5 Re3 57. Kf5 Bb4 58. e7 Bxe7 59. Rxe7 1-0


[Site "https://www.chess.com"]

[Event "Titled Tuesday Blitz July 11 Early 2023"]
[White "chess123456s"]
[Black "Rios Escobar, Adan"]
[BlackFideId "3403645"]
[WhiteElo "2557"]
[BlackElo "2430"]
[Result "1-0"]
[Round "11"]
[TimeControl "180+2"]
[Date "2023.07.11"]
[WhiteClock "0:00:37"]
[BlackClock "0:00:00"]
[Board "80"]

1. Nf3 Nf6 2. g3 g6 3. Bg2 Bg7 4. O-O O-O 5. d4 c6 6. c4 d5 7. Nbd2 Bf5 8. b3 a5 9. a3 a4 10. b4 dxc4 11. Nxc4 Be4 12. Bb2 Bd5 13. Ncd2 Ne4 14. Rc1 Nd7 15. Qc2 Ndf6 16. Nc4 Nd6 17. Ncd2 Nfe4 18. Rfe1 Qd7 19. Ne5 Qf5 20. Ndf3 Bh6 21. e3 Bb3 22. Qd3 Nxg3 23. hxg3 Qh5 24. g4 Bc4 25. Rxc4 Nxc4 26. gxh5 Nxb2 27. Qc2 f6 28. Ng4 Bg7 29. Qxb2 gxh5 30. Ngh2 Kh8 31. Nh4 Rg8 32. Kh1 Bh6 33. Nf5 Bf8 34. Bf3 Rg5 35. e4 e6 36. Ne3 Bd6 37. Rg1 Rag8 38. Rxg5 Rxg5 39. Qc2 Kg7 40. d5 exd5 41. exd5 cxd5 42. Nxd5 Be5 43. Bg2 h4 44. Nf3 Rh5 45. Nxe5 Rxe5 46. Qc7+ Kg6 47. Qxb7 h3 48. Bxh3 h5 49. Nf4+ Kg5 50. Ne6+ Kh4 51. Kg2 Re1 52. Qf3 1-0


[Site "https://www.chess.com"]

[Event "Titled Tuesday Blitz July 11 Early 2023"]
[White "Herman, Daniel"]
[Black "Bruedigam, Martin"]
[WhiteFideId "30935008"]
[BlackFideId "24608033"]
[WhiteElo "2428"]
[BlackElo "2547"]
[Result "0-1"]
[Round "11"]
[TimeControl "180+2"]
[Date "2023.07.11"]
[WhiteClock "0:00:01"]
[BlackClock "0:00:56"]
[Board "81"]

1. d4 Nf6 2. Bg5 g6 3. Bxf6 exf6 4. e3 d5 5. c4 dxc4 6. Bxc4 Bd6 7. Nf3 O-O 8. O-O f5 9. Nc3 c6 10. Rc1 Nd7 11. Qe2 Nf6 12. Ne5 Qe7 13. f4 Be6 14. a3 Kg7 15. b4 a5 16. Bxe6 Qxe6 17. Rb1 axb4 18. axb4 Nd5 19. Nxd5 Qxd5 20. Qc4 Ra3 21. b5 Rxe3 22. bxc6 Rxe5 23. Qxd5 Rxd5 24. cxb7 Rxd4 25. Rfd1 Rxd1+ 26. Rxd1 Bxf4 27. g3 Be5 28. Rb1 Kf6 29. Kg2 Ke7 30. Re1 Kd6 31. h4 Rb8 32. Rd1+ Kc6 33. Re1 Bd6 34. Rc1+ Bc5 35. Kf3 Rxb7 36. g4 Rb3+ 37. Kf4 Rb4+ 38. Ke5 Rxg4 39. Kf6 Rxh4 40. Kxf7 Kd6 41. Rd1+ Bd4 42. Kg8 Kd5 43. Re1 f4 44. Re8 f3 45. Rf8 Ke4 46. Rf4+ Kxf4 0-1


[Site "https://www.chess.com"]

[Event "Titled Tuesday Blitz July 11 Early 2023"]
[White "Rom, Jasper"]
[Black "Palencia Morales, Wilson Guillermo"]
[WhiteFideId "2023733"]
[BlackFideId "4401859"]
[WhiteElo "2426"]
[BlackElo "2539"]
[Result "0-1"]
[Round "11"]
[TimeControl "180+2"]
[Date "2023.07.11"]
[WhiteClock "0:00:00"]
[BlackClock "0:01:54"]
[Board "82"]

1. e4 c5 2. Nc3 Nc6 3. f4 g6 4. Nf3 Bg7 5. Bb5 Nd4 6. O-O Nxb5 7. Nxb5 d6 8. d3 a6 9. Nc3 b5 10. Qe1 Bb7 11. f5 Nf6 12. Bd2 Qd7 13. a3 gxf5 14. e5 Nd5 15. Qg3 Rg8 16. exd6 Bd4+ 17. Nxd4 Rxg3 18. hxg3 cxd4 19. Ne2 e5 20. c3 dxc3 21. bxc3 Rc8 22. Rac1 Nb6 23. Be3 Nd5 24. Bd2 Qc6 25. Rf2 e4 26. Nd4 Qb6 27. Rxf5 Nxc3 28. Be3 Nd5 29. Rxc8+ Bxc8 30. Re5+ Be6 31. Nf5 Nxe3 0-1


[Site "https://www.chess.com"]

[Event "Titled Tuesday Blitz July 11 Early 2023"]
[White "Michalczak, Thomas"]
[Black "Ncatt"]
[WhiteFideId "4622634"]
[WhiteElo "2535"]
[BlackElo "2399"]
[Result "1/2-1/2"]
[Round "11"]
[TimeControl "180+2"]
[Date "2023.07.11"]
[WhiteClock "0:00:10"]
[BlackClock "0:00:23"]
[Board "83"]

1. e4 c5 2. c3 d5 3. exd5 Qxd5 4. Nf3 Nf6 5. Na3 Nc6 6. Bc4 Qd8 7. O-O e6 8. Qe2 Be7 9. Rd1 O-O 10. d4 cxd4 11. Nb5 Bd7 12. Nbxd4 Qc7 13. Nb5 Qb8 14. g3 a6 15. Bf4 e5 16. Nxe5 Nxe5 17. Bxe5 Qc8 18. Nc7 Ra7 19. Bb3 b5 20. Nd5 Bg4 21. f3 Bc5+ 22. Kh1 Nxd5 23. Bxd5 Bf5 24. Bd4 Re8 25. Qf2 Bxd4 26. Qxd4 Rae7 27. g4 Bg6 28. Rd2 h5 29. Rad1 hxg4 30. fxg4 Re4 31. Bxe4 Bxe4+ 32. Qxe4 Rxe4 33. Rd8+ Qxd8 34. Rxd8+ Kh7 35. h3 Re1+ 36. Kg2 Re2+ 37. Kf3 Rxb2 38. Rd7 f6 39. a4 bxa4 40. Ra7 Rb6 41. Rd7 a3 42. Rd4 Rc6 43. Ra4 Rxc3+ 44. Kg2 Kg6 45. Rxa6 Kg5 46. Ra5+ Kf4 47. Ra4+ Ke3 48. Ra7 g5 49. Ra6 Rc2+ 50. Kg3 a2 51. Ra3+ Kd2 52. Ra6 Kc1 53. h4 gxh4+ 54. Kxh4 Kb1 55. Rb6+ Kc1 56. Ra6 Rh2+ 57. Kg3 Rb2 58. Rxf6 Rb3+ 59. Kh4 Kb2 60. Rf2+ Ka3 61. Rxa2+ Kxa2 62. g5 Rb1 63. g6 Kb3 64. Kg5 Kc4 65. Kf6 Kd5 66. g7 Rf1+ 67. Ke7 Rg1 68. Kf7 Rf1+ 69. Ke7 Rg1 70. Kf7 Rxg7+ 71. Kxg7 1/2-1/2


[Site "https://www.chess.com"]

[Event "Titled Tuesday Blitz July 11 Early 2023"]
[White "MAHanif"]
[Black "Korelskiy, Egor"]
[BlackFideId "34329064"]
[WhiteElo "2397"]
[BlackElo "2530"]
[Result "1-0"]
[Round "11"]
[TimeControl "180+2"]
[Date "2023.07.11"]
[WhiteClock "0:00:16"]
[BlackClock "0:00:05"]
[Board "84"]

1. d4 d5 2. Nf3 Nf6 3. g3 c5 4. Bg2 e6 5. c3 Nc6 6. O-O Bd6 7. Nbd2 O-O 8. Nb3 b6 9. Bg5 Bb7 10. Re1 Be7 11. Bxf6 Bxf6 12. dxc5 Qc7 13. e4 dxe4 14. Nfd2 Rfd8 15. Qc2 Rac8 16. Bxe4 Ne5 17. Bxh7+ Kh8 18. cxb6 Qxb6 19. Be4 Ng4 20. Nf3 Ba6 21. Rad1 Bc4 22. Kg2 a5 23. Nbd4 Bxd4 24. Nxd4 f5 25. Bf3 Nf6 26. b3 Bd5 27. Bxd5 Rxd5 28. Nxe6 Rxd1 29. Qxd1 Ne4 30. Rxe4 fxe4 31. Qh5+ Kg8 32. Qg6 Qb7 33. Nxg7 e3+ 34. f3 Qf7 35. Qg4 Rxc3 36. Ne6+ Kh8 37. Qd4+ Kg8 38. Qd8+ Kh7 39. Ng5+ Kg6 40. Nxf7 Rc2+ 41. Kh3 e2 42. Qg5+ Kxf7 43. Qf5+ Kg7 44. Qe5+ Kh7 45. f4 1-0


[Site "https://www.chess.com"]

[Event "Titled Tuesday Blitz July 11 Early 2023"]
[White "Jaskolka, Tomasz"]
[Black "Lopez Idarraga, Daniel Eduardo"]
[WhiteFideId "1170791"]
[BlackFideId "4405501"]
[WhiteElo "2526"]
[BlackElo "2357"]
[Result "1-0"]
[Round "11"]
[TimeControl "180+2"]
[Date "2023.07.11"]
[WhiteClock "0:00:50"]
[BlackClock "0:02:24"]
[Board "85"]

1. e4 c5 2. Nf3 Nc6 3. d4 cxd4 4. Nxd4 Nf6 5. Nc3 e5 6. Ndb5 d6 7. Bg5 a6 8. Na3 b5 9. Nd5 Be7 10. Bxf6 Bxf6 11. c4 b4 12. Nc2 O-O 13. Ncxb4 Nxb4 14. Nxb4 Qb6 15. Qd2 Rb8 16. Nd3 Be6 17. b3 Qd4 18. Rd1 Qxe4+ 19. Qe3 Qxe3+ 20. fxe3 d5 21. Nc5 dxc4 22. Nxe6 fxe6 23. Bxc4 Bh4+ 24. g3 Bg5 25. Ke2 Kf7 26. Rd7+ Kg6 27. h4 Bh6 28. g4 1-0


[Site "https://www.chess.com"]

[Event "Titled Tuesday Blitz July 11 Early 2023"]
[White "Chen, Max"]
[Black "Shapiro, Daniel"]
[WhiteFideId "2622440"]
[BlackFideId "2001780"]
[WhiteElo "2519"]
[BlackElo "2353"]
[Result "1-0"]
[Round "11"]
[TimeControl "180+2"]
[Date "2023.07.11"]
[WhiteClock "0:00:09"]
[BlackClock "0:00:00"]
[Board "86"]

1. e4 e5 2. Nf3 Nc6 3. Bc4 Be7 4. O-O d6 5. h3 Nf6 6. Re1 O-O 7. d4 exd4 8. Nxd4 Bd7 9. Nc3 Re8 10. Bg5 h6 11. Bh4 Nxe4 12. Nxc6 Bxc6 13. Qh5 Bxh4 14. Bxf7+ Kf8 15. Bxe8 Bxe8 16. Qf5+ Qf6 17. Qxf6+ Bxf6 18. Nxe4 Bxb2 19. Rab1 Bd4 20. Rxb7 Bb6 21. c4 Bc6 22. Rxb6 axb6 23. Nc3 Ra3 24. Re3 Be8 25. Nd5 Rxe3 26. fxe3 Bf7 27. Nxc7 Bxc4 28. Na8 b5 29. a3 Ke7 30. Nb6 Kd8 31. Kf2 Kc7 32. Nxc4 bxc4 33. Ke1 Kb6 34. Kd2 Kb5 35. Kc3 d5 36. Kd4 Ka4 37. e4 dxe4 38. Kxc4 Kxa3 39. Kd4 Kb4 40. Kxe4 Kc4 41. Kf5 Kd3 42. Kg6 Ke3 43. Kxg7 Kf2 44. g4 Kg3 45. Kxh6 1-0


[Site "https://www.chess.com"]

[Event "Titled Tuesday Blitz July 11 Early 2023"]
[White "Vifleemskaia, Svetlana"]
[Black "Yeritsyan, Hayk"]
[WhiteFideId "4129490"]
[BlackFideId "13307320"]
[WhiteElo "2334"]
[BlackElo "2515"]
[Result "0-1"]
[Round "11"]
[TimeControl "180+2"]
[Date "2023.07.11"]
[WhiteClock "0:00:00"]
[BlackClock "0:00:15"]
[Board "87"]

1. d4 d5 2. c4 e6 3. Nc3 dxc4 4. e4 a6 5. Bxc4 b5 6. Bd3 Bb7 7. Nf3 Nf6 8. Qe2 Be7 9. O-O O-O 10. a3 c5 11. Rd1 cxd4 12. Bc2 e5 13. Nd5 Nxd5 14. exd5 f6 15. Bb3 Bxd5 16. Nxd4 Bxb3 17. Nxb3 Qe8 18. Be3 Nc6 19. Rac1 Rd8 20. Rxd8 Nxd8 21. Qc2 Ne6 22. Qc6 Qf7 23. Qxa6 Nf4 24. Bxf4 Qxb3 25. Be3 Qxb2 26. g3 Bxa3 27. Rc7 Qb1+ 28. Kg2 Qe4+ 29. Kh3 Qf5+ 30. Kg2 b4 31. Qb7 Qg6 32. h4 h5 33. Bc5 Re8 34. Bxb4 Bxb4 35. Qxb4 Kh7 36. Qb7 Rd8 37. Qc6 Rd4 38. Kh2 Rd2 39. Kg2 Qf5 40. Qf3 Qxf3+ 41. Kxf3 Rd4 42. Re7 Kg6 43. Rc7 Rb4 44. Rd7 Rb3+ 45. Kg2 Rb4 46. Re7 Rb6 47. Kf3 Ra6 48. Kg2 Ra4 49. Kf3 Rd4 50. Kg2 Rd8 51. Kf3 Kh7 52. Kg2 Kg8 53. Kf3 Rf8 54. Rd7 Rf7 55. Rd8+ Kh7 56. Rd6 g6 57. Rd8 Kg7 58. Rd6 Ra7 59. Rd8 Kf7 60. Rd6 Ke7 61. Rb6 Rd7 62. Ra6 Rd6 63. Ra7+ Ke6 64. Ra8 Kf5 65. Ra4 Rd3+ 66. Kg2 Rd4 67. Ra5 g5 68. hxg5 Kxg5 69. Ra8 Kf5 70. Rh8 Kg5 71. Rg8+ Kh6 72. Rh8+ Kg6 73. Rg8+ Kh7 74. Rf8 Kg7 75. Rc8 h4 76. gxh4 Rxh4 77. Kg3 Rf4 78. Rc7+ Kg6 79. Rc8 Kf5 80. Rf8 Ra4 81. Kf3 Ra3+ 82. Kg2 e4 83. Re8 Kf4 84. Re6 f5 85. Rc6 Ra2 86. Rc3 Rb2 87. Ra3 Kg4 88. Rg3+ Kf4 89. Ra3 Kg5 90. Rg3+ Kf6 91. Ra3 f4 92. Ra5 e3 93. Ra6+ Kf5 94. Ra5+ Kg4 0-1


[Site "https://www.chess.com"]

[Event "Titled Tuesday Blitz July 11 Early 2023"]
[White "Kleiman, Jake"]
[Black "Andreassen, Lars"]
[WhiteFideId "2020041"]
[BlackFideId "1504878"]
[WhiteElo "2498"]
[BlackElo "2351"]
[Result "0-1"]
[Round "11"]
[TimeControl "180+2"]
[Date "2023.07.11"]
[WhiteClock "0:00:00"]
[BlackClock "0:01:01"]
[Board "88"]

1. Nf3 d5 2. g3 g6 3. Bg2 Bg7 4. O-O e5 5. d3 h6 6. c4 c6 7. Nc3 d4 8. Na4 Ne7 9. Rb1 a5 10. a3 O-O 11. b4 axb4 12. axb4 Nd7 13. b5 c5 14. Bd2 Rb8 15. b6 Ra8 16. Rb5 f5 17. Qb3 Ra6 18. Rb1 Rf6 19. Ba5 e4 20. dxe4 fxe4 21. Nd2 e3 22. fxe3 dxe3 23. Ne4 Rf2 24. Nxf2 exf2+ 25. Kf1 Nf5 26. e3 Qe7 27. Bd2 Rxa4 28. Qxa4 Nxe3+ 0-1


[Site "https://www.chess.com"]

[Event "Titled Tuesday Blitz July 11 Early 2023"]
[White "SicilianPanzer"]
[Black "Reprintsev, Alexander"]
[BlackFideId "14100541"]
[WhiteElo "2259"]
[BlackElo "2497"]
[Result "0-1"]
[Round "11"]
[TimeControl "180+2"]
[Date "2023.07.11"]
[WhiteClock "0:00:41"]
[BlackClock "0:01:10"]
[Board "89"]

1. e4 d5 2. exd5 Qxd5 3. d4 Nc6 4. Nf3 Bg4 5. Be2 O-O-O 6. c4 Qf5 7. Be3 Bxf3 8. Bxf3 Nxd4 9. Bxd4 Qe6+ 10. Be2 c5 11. O-O cxd4 12. Re1 Nf6 13. c5 Kb8 14. Na3 Qd5 15. b4 e5 16. Bc4 Qd7 17. Rxe5 d3 18. Qd2 Ng4 19. Re4 f5 20. Be6 Qc7 21. Rf4 g5 22. Nb5 Qxf4 0-1


[Site "https://www.chess.com"]

[Event "Titled Tuesday Blitz July 11 Early 2023"]
[White "Kev4444444444"]
[Black "Ergazakis, Ioannis"]
[BlackFideId "4290976"]
[WhiteElo "2241"]
[BlackElo "2496"]
[Result "0-1"]
[Round "11"]
[TimeControl "180+2"]
[Date "2023.07.11"]
[WhiteClock "0:00:32"]
[BlackClock "0:00:16"]
[Board "90"]

1. Nf3 d5 2. e4 dxe4 3. Ng5 Nf6 4. Nc3 Bf5 5. Qe2 Nc6 6. Qb5 Qd7 7. Qxb7 Rb8 8. Qa6 h6 9. Nh3 e6 10. Bb5 Rb6 11. Bxc6 Qxc6 12. Qxa7 Bc5 13. Qa4 O-O 14. Qxc6 Rxc6 15. Nf4 Ng4 16. O-O g5 17. Nfe2 Bg6 18. h3 Ne5 19. a3 f5 20. b4 Ba7 21. Bb2 Nc4 22. Bc1 f4 23. d3 exd3 24. cxd3 Bxd3 25. Rd1 Ne5 26. Bb2 f3 27. gxf3 Rxf3 28. Rf1 Nc4 29. Kg2 Rf8 30. Bc1 e5 31. Nd5 Be4+ 32. Kh2 Bxd5 33. Nc3 Bf3 34. b5 Rcf6 35. Kg3 Bd4 36. Ra2 e4 37. h4 Be5+ 38. Kh3 g4# 0-1


[Site "https://www.chess.com"]

[Event "Titled Tuesday Blitz July 11 Early 2023"]
[White "Sava, Christiansen-Danut-Eugen"]
[Black "Novikov, Evgenij"]
[WhiteFideId "1210114"]
[BlackFideId "4125380"]
[WhiteElo "2108"]
[BlackElo "2493"]
[Result "0-1"]
[Round "11"]
[TimeControl "180+2"]
[Date "2023.07.11"]
[WhiteClock "0:01:02"]
[BlackClock "0:01:02"]
[Board "91"]

1. d4 Nf6 2. c4 g6 3. Nc3 Bg7 4. e4 d6 5. f4 O-O 6. Nf3 Nc6 7. Be2 e5 8. dxe5 dxe5 9. Qxd8 Rxd8 10. fxe5 Ng4 11. Bg5 Rd7 12. Nd5 h6 13. Bf6 Ncxe5 14. Nxe5 Nxe5 15. O-O-O Rxd5 16. cxd5 Bxf6 17. Rhf1 Bg5+ 18. Kb1 Bg4 19. Bxg4 Nxg4 20. Rf3 Nxh2 21. Rc3 Bf4 22. Rh3 Ng4 23. Rf3 Bd6 24. Rb3 b6 25. a4 a5 26. Rc1 Re8 27. Rc4 Ne5 28. Rcc3 Nd7 29. Rc4 Nc5 30. Rh3 Kg7 31. b4 axb4 32. Rxb4 Rxe4 33. Rxe4 Nxe4 34. Re3 f5 35. g4 Kf6 36. gxf5 gxf5 37. Rh3 Kg5 38. Rh1 h5 39. Rg1+ Ng3 40. Kc2 h4 41. Rg2 h3 42. Rh2 Kg4 43. Kd1 f4 44. Ke1 f3 45. Rb2 Ne4 46. Kf1 f2 47. Re2 Ng3+ 48. Kxf2 Nxe2 0-1


[Site "https://www.chess.com"]

[Event "Titled Tuesday Blitz July 11 Early 2023"]
[White "Nagare Kaivalya Sandip"]
[Black "KorolDimitriy75"]
[WhiteFideId "25957929"]
[WhiteElo "2633"]
[BlackElo "2437"]
[Result "0-1"]
[Round "11"]
[TimeControl "180+2"]
[Date "2023.07.11"]
[WhiteClock "0:02:52"]
[BlackClock "0:02:28"]
[Board "92"]

1. e4 c5 2. Nf3 d6 3. d4 cxd4 4. Nxd4 Nf6 5. Nc3 g6 6. Be3 Bg7 7. f3 O-O 8. Qd2 Nc6 9. O-O-O d5 10. exd5 Nxd5 11. Nxc6 bxc6 12. Bd4 e5 13. Bc5 Be6 14. Kb1 Nxc3+ 15. bxc3 Qa5 0-1


[Site "https://www.chess.com"]

[Event "Titled Tuesday Blitz July 11 Early 2023"]
[White "Janaszak, Dawid"]
[Black "Estrada Nieto, Julian"]
[WhiteFideId "1119206"]
[BlackFideId "5101018"]
[WhiteElo "2554"]
[BlackElo "2430"]
[Result "1-0"]
[Round "11"]
[TimeControl "180+2"]
[Date "2023.07.11"]
[WhiteClock "0:00:12"]
[BlackClock "0:00:03"]
[Board "93"]

1. d4 d5 2. Nc3 Nf6 3. Bf4 c6 4. e3 Bf5 5. f3 e6 6. g4 Bg6 7. h4 h5 8. g5 Nfd7 9. Bd3 Bxd3 10. Qxd3 g6 11. Nge2 Bg7 12. e4 O-O 13. O-O Na6 14. a3 Nb6 15. e5 c5 16. Nb5 cxd4 17. Nexd4 Nc4 18. Rfe1 Nxb2 19. Qb3 Nc4 20. Re2 Nc5 21. Qb4 Qb6 22. a4 a6 23. a5 Nxa5 24. Rxa5 axb5 25. Rxb5 Ra1+ 26. Kg2 Qa6 27. Qxc5 Ra8 28. Qb6 Qa4 29. Rb4 Qa2 30. Qxb7 Bf8 31. Rb3 Bc5 32. Be3 Qa4 33. Rd3 Qc4 34. Qb3 Qa6 35. Qb5 Qa2 36. Red2 Bf8 37. c3 Qc4 38. Qb2 R1a2 39. Qc1 Ra1 40. Qc2 R1a2 41. Qd1 Ra1 42. Qe2 R8a2 43. Rxa2 Rxa2 44. Rd2 Ra1 45. Qxc4 dxc4 46. Nc6 Rc1 47. Rd8 Kg7 48. Bd4 Ba3 49. Rc8 Rc2+ 50. Kg3 Bb2 51. Nb4 Rc1 52. Rxc4 Rd1 53. Rc7 Ba3 54. Nc6 Rc1 55. Nd8 Bf8 56. Nxe6+ Kg8 57. Nxf8 Kxf8 58. Kf4 Ke8 59. e6 fxe6 60. Ke5 Re1+ 61. Kd6 Kd8 62. Bf6+ Ke8 63. Rc8+ Kf7 64. Rc7+ Kf8 65. c4 e5 66. Ke6 e4 67. Rc8# 1-0


[Site "https://www.chess.com"]

[Event "Titled Tuesday Blitz July 11 Early 2023"]
[White "Kim, Sergey"]
[Black "Melikhov, Evgeny V."]
[WhiteFideId "13700570"]
[BlackFideId "4122046"]
[WhiteElo "2551"]
[BlackElo "2422"]
[Result "1-0"]
[Round "11"]
[TimeControl "180+2"]
[Date "2023.07.11"]
[WhiteClock "0:00:39"]
[BlackClock "0:00:02"]
[Board "94"]

1. d4 Nf6 2. c4 e6 3. Nc3 Bb4 4. Qc2 d5 5. a3 Bxc3+ 6. Qxc3 O-O 7. Nf3 b6 8. g3 dxc4 9. Qxc4 Bb7 10. Bg2 Nbd7 11. O-O c5 12. Rd1 cxd4 13. Qxd4 Qe7 14. Bf4 Qc5 15. Bd6 Qxd4 16. Nxd4 Bxg2 17. Kxg2 Rfc8 18. Rac1 Ne8 19. Nc6 Kh8 20. Bf4 Ndf6 21. f3 h6 22. e4 g5 23. Be5 Kg7 24. b4 a6 25. a4 b5 26. a5 Kf8 27. Kf2 Kg7 28. Ke3 Kf8 29. h3 Kg7 30. f4 Kf8 31. Rf1 Nh5 32. fxg5 hxg5 33. g4 Nhg7 34. Bd4 Rc7 35. Bc5+ Kg8 36. Ne5 f6 37. Nf3 e5 38. h4 Ne6 39. hxg5 Nxg5 40. Nxg5 fxg5 41. Rf5 Ng7 42. Rxg5 Rd8 43. Rf1 Rcd7 44. Rxe5 Rd3+ 45. Kf4 Rh3 46. Kg5 Re8 47. Rxe8+ Nxe8 48. Rf8+ Kg7 49. Rxe8 1-0


[Site "https://www.chess.com"]

[Event "Titled Tuesday Blitz July 11 Early 2023"]
[White "Girya, Olga"]
[Black "Fule, Simon"]
[WhiteFideId "4195752"]
[BlackFideId "787515"]
[WhiteElo "2545"]
[BlackElo "2415"]
[Result "1-0"]
[Round "11"]
[TimeControl "180+2"]
[Date "2023.07.11"]
[WhiteClock "0:00:19"]
[BlackClock "0:00:00"]
[Board "95"]

1. d4 Nf6 2. Nf3 g6 3. Bg5 Bg7 4. Nbd2 O-O 5. c3 d6 6. e4 c5 7. dxc5 dxc5 8. Bc4 Nc6 9. O-O Qc7 10. h3 b6 11. Re1 e5 12. Bd5 Bb7 13. Nc4 Rfe8 14. Qc2 b5 15. Ne3 h6 16. Bxf6 Bxf6 17. a4 a6 18. axb5 axb5 19. Qb3 Na7 20. Red1 Bg7 21. h4 c4 22. Qc2 h5 23. Ng5 Bxd5 24. Nxd5 Qb7 25. b3 Nc6 26. bxc4 Rxa1 27. Rxa1 bxc4 28. Qa4 Rc8 29. Qxc4 Bh6 30. Nf3 Kh7 31. Qa2 Ne7 32. Rb1 Qd7 33. Nb6 1-0


[Site "https://www.chess.com"]

[Event "Titled Tuesday Blitz July 11 Early 2023"]
[White "Chernomordik, Pavel"]
[Black "Omariev, Maksim"]
[WhiteFideId "2804530"]
[BlackFideId "4193423"]
[WhiteElo "2532"]
[BlackElo "2406"]
[Result "1-0"]
[Round "11"]
[TimeControl "180+2"]
[Date "2023.07.11"]
[WhiteClock "0:00:13"]
[BlackClock "0:00:00"]
[Board "96"]

1. e4 c5 2. Nc3 d6 3. f4 Nc6 4. Nf3 g6 5. Bb5 Bd7 6. O-O Bg7 7. d3 e6 8. Bxc6 Bxc6 9. f5 Qd7 10. fxe6 fxe6 11. Be3 O-O-O 12. d4 b6 13. d5 exd5 14. exd5 Bb7 15. Ng5 Nf6 16. Ne6 Rde8 17. Bg5 Nxd5 18. Nxg7 Nxc3 19. bxc3 Qxg7 20. Qxd6 Qc7 21. Qxc7+ Kxc7 22. Rf7+ Kb8 23. Bf4+ Ka8 24. Rd1 Rhf8 25. Rdd7 Rxf7 26. Rxf7 h5 27. Rg7 Be4 28. a4 Bxc2 29. a5 bxa5 30. Rc7 Re4 31. g3 Rc4 32. Be5 a4 33. Rc6 a3 34. Ra6 Ba4 35. Rf6 a2 36. Rf1 Bc2 37. Ra1 Bb1 38. Kf2 Kb7 39. Ke3 Kc6 40. Bf6 Kb5 41. Kd2 Ka4 42. h3 Kb3 43. Kc1 a5 44. g4 hxg4 45. hxg4 Rxg4 46. c4 Rxc4+ 47. Kd2 a4 48. Ke3 Re4+ 49. Kd2 c4 50. Bc3 1-0


[Site "https://www.chess.com"]